 Dungeon Crawl Stone Soup version 0.21.1-1-g345015f (webtiles) character file.

61 grizmgrazm2 the Vexing (level 3, -2/25 HPs)
             Began as a Vampire Enchanter on Mar 10, 2018.
             Was an Initiate of Dithmenos.
             Slain by an orc
             ... wielding a +0 flail
              (4 damage)
             ... on level 3 of the Dungeon.
             The game lasted 00:10:19 (1684 turns).

grizmgrazm2 the Vexing (Vampire Enchanter)          Turns: 1684, Time: 00:10:20

Health: -2/25      AC:  4    Str:  7    XL:     3   Next: 83%
Magic:  1/7        EV: 12    Int: 18    God:    Dithmenos [......]
Gold:   93         SH:  0    Dex: 14    Spells: 1/7 levels left

rFire    . . .     SeeInvis +   a - +1 dagger
rCold    + . .     Gourm    .   (no shield)
rNeg     + + .     Faith    .   b - +0 robe
rPois    +         Spirit   .   (no helmet)
rElec    .         Reflect  .   (no cloak)
rCorr    .         Harm     .   j - +0 pair of gloves
MR       .....                  p - +0 pair of boots
Stlth    ++++......             (no amulet)
HPRegen  0.04/turn              (no ring)
MPRegen  0.10/turn              (no ring)

@: regenerating slowly
A: fangs 3, see invisible, unbreathing
a: Bat Form, Renounce Religion


You were on level 3 of the Dungeon.
You worshipped Dithmenos.
Dithmenos was noncommittal.
You were thirsty.

You visited 1 branch of the dungeon, and saw 3 of its levels.

You collected 93 gold pieces.

Inventory:

Hand Weapons
 a - a +1 dagger (weapon)
 i - a +0 hunting sling
Missiles
 h - 25 sling bullets
Armour
 b - a +0 robe (worn)
 j - a +0 pair of gloves (worn)
 p - a +0 pair of boots (worn)
Jewellery
 q - an uncursed amulet of regeneration {unknown}
Scrolls
 g - a scroll of identify
 k - a scroll of remove curse {unknown}
 n - a scroll of immolation {unknown}
 o - 2 scrolls of teleportation
Potions
 d - 12 potions of blood
 e - a potion of berserk rage
 m - a potion of haste {unknown}
 r - 3 potions of curing {unknown}
 t - 2 potions of magic {unknown}
Books
 c - a book of Maledictions

   Spells                             Type                      Level
   a - Corona                         Hexes                        1
   b - Ensorcelled Hibernation        Hexes/Ice                    2
   c - Confuse                        Hexes                        3
   d - Tukima's Dance                 Hexes                        3
   e - Dazzling Spray                 Conjuration/Hexes            3
 l - a book of Misfortune

   Spells                             Type                      Level
   a - Confusing Touch                Hexes                        1
   b - Confuse                        Hexes                        3
   c - Gell's Gravitas                Translocation                3
   d - Petrify                        Transmutation/Earth          4
   e - Metabolic Englaciation         Hexes/Ice                    5
   f - Yara's Violent Unravelling     Hexes/Transmutation          5
 s - a book of Changes

   Spells                             Type                      Level
   a - Beastly Appendage              Transmutation                1
   b - Sticks to Snakes               Transmutation                2
   c - Spider Form                    Transmutation/Poison         3
   d - Ice Form                       Ice/Transmutation            4
   e - Blade Hands                    Transmutation                5


   Skills:
 + Level 0.3 Fighting
 + Level 1.2 Short Blades
 + Level 2.2 Dodging
 + Level 4.8 Stealth
 - Level 2.7 Spellcasting
 + Level 5.4 Hexes
 - Level 1.0 Ice Magic


You had one spell level left.
You knew the following spells:

 Your Spells              Type           Power        Failure   Level  Hunger
a - Ensorcelled Hibernat  Hex/Ice        ##....       7%          2    ##.....
b - Confuse               Hex            ###.....     5%          3    ###....
c - Corona                Hex            ###....      1%          1    #......


Dungeon Overview and Level Annotations

Branches:
Dungeon (3/15)

Altars:
Dithmenos

Annotations:
D:3 Scuka's ghost, amateur MfGl


Innate Abilities, Weirdness & Mutations

You heal slowly.
You have razor-sharp teeth.
You have supernaturally acute eyesight. (SInv)
You can survive without breathing.


Message History

Confirm with . or Enter, or press ? or * to list all spells.
Aiming: Ensorcelled Hibernation
Press: ? - help, Shift-Dir - straight line, f/p - adder
Aim: an adder (chance to defeat MR: 53%)
The adder resists with significant effort.
You are feeling thirsty.
The adder bites you. The quokka closely misses you.
The adder closely misses you. The quokka bites you.
* * * LOW HITPOINT WARNING * * *
The adder closely misses you.
Found 10 gold pieces.
An orc comes into view. It is wielding a flail.
The adder misses you.
Your magical contamination has completely faded away.
The orc misses you. The adder bites you.
* * * LOW HITPOINT WARNING * * *
The orc hits you with a flail.
You die...

.# ......# #.#
......## ## ####.#
.......#... ..#.#
.......#.######.#.#
................#.#
.......#..........#
................@o#
.........########S#
......l..$<.. #r#
...?.....#.. #.#
.........########l###
.......#>....l......#
#......#........#.#.#
ยง......########.#.#.#
#......# #.#.# #


You could see an adder, an orc, a quokka and a frilled lizard.

Vanquished Creatures
  An adder (D:2)
  A worm (D:2)
  2 orcs
  2 bats (D:2)
  3 giant cockroaches (D:2)
  8 goblins
  4 hobgoblins
  3 jackals (D:2)
  A ball python (D:1)
  A frilled lizard (D:2)
  5 kobolds
  16 rats
47 creatures vanquished.

Notes
Turn   | Place    | Note
-------+----------+-------------------------------------------
     0 | D:1      | grizmgrazm2 the Vampire Enchanter began the quest for the Orb.
     0 | D:1      | Reached XP level 1. HP: 13/13 MP: 3/3
    65 | D:1      | Reached XP level 2. HP: 18/19 MP: 5/5
    69 | D:1      | Learned a level 2 spell: Ensorcelled Hibernation
   831 | D:2      | Reached skill level 5 in Hexes
   926 | D:2      | Reached XP level 3. HP: 24/24 MP: 4/6
   931 | D:2      | Learned a level 3 spell: Confuse
  1136 | D:2      | Reached skill level 1 in Ice Magic
  1640 | D:3      | Noticed Scuka's ghost (amateur MfGl)
  1642 | D:3      | Found a shadowy altar of Dithmenos.
  1645 | D:3      | Became a worshipper of Dithmenos the Shadowed
  1684 | D:3      | Slain by an orc

Skill      XL: |  1  2  3 |
---------------+----------+-----
Hexes          | 5 |  5.4
Ice Magic      | 1 |  1.0
Fighting       | |  0.3
Short Blades   | |  1.2
Dodging        | |  2.2
Stealth        | |  4.8
Spellcasting   | |  2.7

Action                   || total
-------------------------++-------
Melee: Dagger            ||    85
       Bite              ||     6
 Fire: Hunting sling     ||    25
 Cast: Ensorcelled Hiber ||    29
       Corona            ||     2
  Use: Scroll            ||     3
 Stab: Sleeping          ||    16
  Eat: Corpse            ||     2
Armor: Robe              ||    19
Dodge: Dodged            ||    48
